cohdb
Replays
Latest Replays
All Replays
Popular Replays
Top Player Replays
Match Explorer
How It Works
Community
CoH3 Stats
Reddit
Sign in to upload your games and track your stats! →
Sign in with Steam
Match 43943877
Unlisted
Match 43943877
Overview
Messages
Build Orders
End
Vickers Machine Gun Team
Construct Section Command Post
Infantry Section
Infantry Section
Grenade Package
Selects Canadian Shock Battlegroup
Selects Canadian Shock Battlegroup
Selects Incendiary Munitions
Royal Engineer Section
Construct Field Infirmary
Infantry Section
Construct Platoon Command Post
6-pounder Anti-tank Gun Team
Unlock Bishop Self-propelled Artillery
Selects Pyrotechnics
Bishop Self-propelled Artillery
6-pounder Anti-tank Gun Team
Bishop Self-propelled Artillery
Bishop Self-propelled Artillery
Royal Engineer Section
GruZ
Mystery
Zero Ambition
Guru
dj pauly d gtl
Von Strachwitz
0
0
Comments
sign in to comment!
No comments posted yet!